 Dungeon Crawl Stone Soup version 0.18.1-50-g88ac8fd (webtiles) character file.

235 nikopol the Skirmisher (level 5, 43/48 HPs)
             Began as a Minotaur Berserker on Oct 13, 2016.
             Was a Believer of Trog.
             Starved to death
             ... on level 3 of the Dungeon.
             The game lasted 00:05:59 (2169 turns).

nikopol the Skirmisher (Minotaur Berserker)         Turns: 2169, Time: 00:06:00

Health: 43/48      AC: 15    Str: 22    XL:     5   Next: 76%
Magic:  4/4        EV:  9    Int:  4    God:    Trog [**....]
Gold:   73         SH:  0    Dex: 10    Spells: 0 memorised, 4 levels left

rFire  . . .     SeeInvis .     a - +2 scythe (protect)
rCold  . . .     Gourm    .     k - +0 chain mail (curse)
rNeg   . . .     Faith    .     (shield currently unavailable)
rPois  .         Spirit   .     (helmet restricted)
rElec  .         Dismiss  .     (no cloak)
rCorr  .         Reflect  .     (no gloves)
SustAt .         Harm     .     s - +0 pair of boots
MR     .....                    (no amulet)
Stlth  ..........               (no ring)
                                (no ring)

@: fainting, not resistant to hostile enchantments, extremely unstealthy
A: retaliatory headbutt, horns 2
a: Berserk, Trog's Hand, Burn Spellbooks, Renounce Religion


You were on level 3 of the Dungeon.
You worshipped Trog.
Trog was pleased with you.
You were fainting.

You visited 1 branch of the dungeon, and saw 3 of its levels.

You collected 73 gold pieces.

Inventory:

Hand Weapons
 a - a +2 scythe of protection (weapon)
 t - a +0 spear
Armour
 b - a +0 animal skin
 h - a +0 chain mail
 k - a cursed +0 chain mail (worn)
 s - a +0 pair of boots (worn)
Jewellery
 o - an uncursed ring of protection from magic {unknown}
Scrolls
 e - 4 scrolls of identify {unknown}
 f - a scroll of random uselessness {unknown}
 g - a scroll of enchant weapon {unknown}
 i - 2 scrolls of immolation {unknown}
 j - 4 scrolls of remove curse {unknown}
 m - a scroll of fog {unknown}
 q - 2 scrolls of noise {unknown}
 r - a scroll of recharging {unknown}
Potions
 l - 3 potions of brilliance {unknown}
 n - a potion of agility {unknown}
 p - a potion of heal wounds {unknown}


   Skills:
 + Level 5.3 Fighting
 + Level 4.8 Polearms
 + Level 4.1 Armour
 + Level 3.7 Dodging


You had 4 spell levels left.
You didn't know any spells.

Dungeon Overview and Level Annotations

Branches:
Dungeon (3/15)

Altars:
Kikubaaqudgha


Innate Abilities, Weirdness & Mutations

You reflexively headbutt those who attack you in melee.
You have a pair of horns on your head.


Message History

You feel slightly more hungry.
You miss the hungry ghost.
The hungry ghost is almost destroyed.
The hungry ghost hits you.
You feel slightly more hungry. The hungry ghost barely misses you.
You barely miss the hungry ghost. Your headbutt misses the hungry ghost.
The hungry ghost is almost destroyed.
The hungry ghost hits you.
You feel slightly more hungry.
You barely miss the hungry ghost.
The hungry ghost is almost destroyed.
You feel less exhausted. The hungry ghost hits you.
You feel slightly more hungry. The hungry ghost hits you.
You feel slightly more hungry.
You miss the hungry ghost.
The hungry ghost is almost destroyed.
The hungry ghost barely misses you. The hungry ghost hits you.
You miss the hungry ghost. Your headbutt misses the hungry ghost.
The hungry ghost is almost destroyed.
You have starved to death.
You die...

..................#.#.#.......#..
..#####'########..#.#............
....##.....#####....#.....####...
...........##.......#..)..####...
...<.......++.......#............
....#......##.........##.........
....<................###.......(.
....#....##.##.#..#..###..[....#.
.#######.......W@................
## ##....##.##.#..#..###.......##
.# p#._.+##+##.#.....###+#'###.#
.# ##........#.#..#..#.....# #.##
.#######.....#.#..##.#.....# #.##
..##.........#.#.........(.###.##
.............#.#..##.............
#.##..#....(.....[...............
.......#....##.#..##..#..#.###.##


You could see a hungry ghost.

Vanquished Creatures
  Sigmund (D:3)
  2 adders
  An ooze (D:3)
  2 dart slugs (D:1)
  A giant gecko (D:1)
  An orc (D:3)
  2 giant cockroaches (D:3)
  5 hobgoblins
  6 jackals
  4 kobolds
  A quokka (D:3)
  A ball python (D:1)
  9 bats
  4 giant newts
  9 goblins
  2 rats
51 creatures vanquished.

Vanquished Creatures (others)
  A human (D:3)
1 creature vanquished.

Grand Total: 52 creatures vanquished

Notes
Turn   | Place    | Note
--------------------------------------------------------------
     0 | D:1      | nikopol the Minotaur Berserker began the quest for the Orb.
     0 | D:1      | Reached XP level 1. HP: 19/19 MP: 0/0
    89 | D:1      | You fall through a shaft!
   108 | D:2      | Reached XP level 2. HP: 27/27 MP: 1/1
   168 | D:2      | Reached skill level 4 in Fighting
   619 | D:1      | Reached XP level 3. HP: 29/33 MP: 2/2
   677 | D:1      | Reached ** piety under Trog
  1263 | D:3      | Found an ancient bone altar of Kikubaaqudgha.
  1437 | D:3      | Noticed Sigmund
  1465 | D:3      | Killed Sigmund
  1465 | D:3      | Reached skill level 5 in Fighting
  1465 | D:3      | Reached XP level 4. HP: 13/42 MP: 3/3
  1465 | D:3      | Reached XP level 5. HP: 15/48 MP: 4/4
  2106 | D:3      | Noticed a human
  2108 | D:3      | Killed a human
  2112 | D:3      | Noticed a hungry ghost
  2169 | D:3      | Starved to death

Skill      XL: |  1  2  3 |
---------------+----------+-----
Fighting       | 4 5 |  5.3
Armour         | 3 4 |  4.1
Polearms       | 4 |  4.8
Dodging        | 3 |  3.7

Action                   |  1- 3 |  4- 6 || total
-------------------------+-------+-------++-------
Melee: Spear             |   134 |       ||   134
       Headbutt          |    12 |     3 ||    15
       Scythe            |       |    51 ||    51
Invok: Burn Spellbooks   |     1 |     1 ||     2
       Berserk           |     1 |     1 ||     2
  Eat: Chunk             |     2 |     3 ||     5
       Bread ration      |       |     3 ||     3
       Meat ration       |       |     2 ||     2
Armor: Chain mail        |    47 |    62 ||   109
       Animal skin       |     1 |       ||     1
Dodge: Dodged            |    38 |    37 ||    75
